 Dungeon Crawl Stone Soup version 0.22-a0-542-gce4f928 (webtiles) character file.

46 kae the Insei (level 3, 0/26 HPs)
             Began as a Demonspawn Transmuter on June 24, 2018.
             Slain by a worm (7 damage)
             ... on level 2 of the Dungeon.
             The game lasted 00:01:10 (1367 turns).

kae the Insei (Demonspawn Transmuter)               Turns: 1367, Time: 00:01:11

Health: 0/26       AC: 12    Str: 10    XL:     3   Next: 46%
Magic:  15/15      EV: 12    Int: 14    God:
Gold:   54         SH:  0    Dex: 14    Spells: 5/6 levels left

rFire    . . .     SeeInvis .   e - +0 whip
rCold    . . .     Gourm    .   (no shield)
rNeg     . . .     Faith    .   b - +0 robe
rPois    .         Spirit   .   (no helmet)
rElec    .         Reflect  .   (no cloak)
rCorr    .         Harm     .   c - +0 pair of gloves
MR       .....                  (no boots)
Stlth    +.........             (no amulet)
HPRegen  0.08/turn              j - ring of magical power
MPRegen  0.14/turn              (no ring)

@: sanguine armour
A: sanguine armour 2
a: no special abilities


You were on level 2 of the Dungeon.
You were hungry.

You visited 1 branch of the dungeon, and saw 2 of its levels.

You collected 54 gold pieces.

Inventory:

Hand Weapons
 e - a +0 whip (weapon)
Missiles
 a - 12 arrows
Armour
 b - a +0 robe (worn)
 c - a +0 pair of gloves (worn)
Jewellery
 j - a ring of magical power (left hand)
Scrolls
 f - a scroll of remove curse
 g - a scroll of magic mapping {unknown}
 i - a scroll of fear
Comestibles
 d - 5 rations


   Skills:
 + Level 1.5 Fighting
 - Level 1.7 Dodging
 * Level 3.2 Unarmed Combat
 + Level 2.3 Spellcasting
 * Level 2.4 Transmutations


You had 5 spell levels left.
You knew the following spells:

 Your Spells              Type           Power        Failure   Level  Hunger
a - Beastly Appendage     Tmut           #.....       9%          1    #......

Your spell library contained the following spells:

 Spells                   Type           Power        Failure   Level  Hunger
 Spider Form              Tmut/Pois      #.........   38%         3    ###....
 Blade Hands              Tmut           #.........   93%         5    ######.
 Ice Form                 Ice/Tmut       #.......     80%         4    #####..
 Sticks to Snakes         Tmut           #.......     13%         2    ###....


Dungeon Overview and Level Annotations

Branches:
Dungeon (2/15)

Altars:


Innate Abilities, Weirdness & Mutations

When seriously injured, your bleeding wounds create thick armour. (AC +9)


Message History

The worm bites you!
Your blood congeals into armour.
You hit the worm. You punch the worm, but do no damage.
The worm is moderately wounded.
The worm bites you!
* * * LOW HITPOINT WARNING * * *
You are too injured to fight recklessly!
You are too injured to fight recklessly!
You are too injured to fight recklessly!
You are too injured to fight recklessly!
You are too injured to fight recklessly!
You are too injured to fight recklessly!
You hit the worm.
The worm is moderately wounded.
You hit the worm but do no damage.
The worm is moderately wounded.
The worm closely misses you.
You hit the worm.
The worm is heavily wounded.
The worm bites you!
You die...

#....... ###.....
#..... #.....
########.....
########............
#.....##............
#.w...##.†..........
###..@..##............
#.........†............
#.....$................
#......................
#......................
####..?..##..........#.
########..........#
######.##.... #.# .###


You could see a worm.

Vanquished Creatures
  2 adders (D:2)
  A leopard gecko (D:2)
  4 bats
  A giant cockroach (D:1)
  2 goblins (D:1)
  A hobgoblin (D:1)
  3 jackals (D:1)
  3 ball pythons (D:1)
  6 frilled lizards
  3 kobolds
  3 rats
29 creatures vanquished.

Notes
Turn   | Place    | Note
-------+----------+-------------------------------------------
     0 | D:1      | kae the Demonspawn Transmuter began the quest for the Orb.
     0 | D:1      | Reached XP level 1. HP: 15/15 MP: 3/3
   140 | D:1      | Gained mutation: When seriously injured, your bleeding wounds create armour. (AC +9) [demonic ancestry]
   140 | D:1      | Reached XP level 2. HP: 15/21 MP: 5/5
   433 | D:1      | Reached skill level 3 in Unarmed Combat
  1032 | D:2      | Gained mutation: When seriously injured, your bleeding wounds create thick armour. (AC +9) [demonic ancestry]
  1032 | D:2      | Reached XP level 3. HP: 15/26 MP: 6/6
  1367 | D:2      | Slain by a worm

Vault maps used:
D:1:      dpeg_arrival_more_subterranean_lakeside_camping,
          minmay_shallow_snake_nest
D:2:      wad_lake_hut

Skill      XL: |  1  2 |
---------------+-------+-----
Transmutations | 2 |  2.4
Unarmed Combat | 3 |  3.2
Fighting       | |  1.5
Dodging        | |  1.7
Spellcasting   | |  2.3

Action                   || total
-------------------------++-------
Melee: Whip              ||   115
       Unarmed           ||     9
       Kick              ||     4
       Punch             ||     4
       Headbutt          ||     1
 Cast: Beastly Appendage ||     5
  Use: Scroll            ||     2
  Eat: Chunk             ||     1
Armor: Robe              ||    43
Dodge: Dodged            ||   108

Table legend:
 A = Spawn XP
 B = Non-spawn XP
 C = Spawn XP percentage of total XP
 D = Spawn monster count
 E = Non-spawn monster count
 F = Spawn count percentage of total count
 G = Total turns spent on level
                    A         B        C        D         E        F      G
               +---------+---------+-------+---------+---------+-------+---------
         Total |       0 |      67 |   0.0 |       0 |      29 |   0.0 |  1367
               +---------+---------+-------+---------+---------+-------+---------
           D:1 |       0 |      32 |   0.0 |       0 |      22 |   0.0 |  1009
           D:2 |       0 |      35 |   0.0 |       0 |       7 |   0.0 |   358
               +---------+---------+-------+---------+---------+-------+---------
